 Dungeon Crawl Stone Soup version 0.21.1-1-g345015f (webtiles) character file.

574 teukkam the Ruffian (level 7, -6/72 HPs)
             Began as a Troll Monk on June 26, 2018.
             Mangled by an ogre
             ... wielding a +0 giant club
              (21 damage)
             ... on level 7 of the Dungeon.
             The game lasted 00:09:47 (2352 turns).

teukkam the Ruffian (Troll Monk)                    Turns: 2352, Time: 00:09:47

Health: -6/72      AC:  5    Str: 22    XL:     7   Next: 12%
Magic:  6/6        EV: 10    Int:  6    God:
Gold:   101        SH:  0    Dex: 12    Spells: 6/6 levels left

rFire    . . .     SeeInvis .     - Unarmed
rCold    . . .     Gourm    +   (no shield)
rNeg     + . .     Faith    .   a - +0 robe
rPois    .         Spirit   .   (helmet restricted)
rElec    .         Reflect  .   (no cloak)
rCorr    .         Harm     .   (gloves unavailable)
MR       .....                  (boots unavailable)
Stlth    +++.......             q - amulet of regeneration
HPRegen  1.02/turn              x - ring of positive energy
MPRegen  0.10/turn              l - ring of stealth

@: no status effects
A: large, unfitting armour, claws 3, fast metabolism 3, gourmand, regeneration
1, shaggy fur 1, tough skin 2
a: no special abilities


You were on level 7 of the Dungeon.
You were very full.

You visited 1 branch of the dungeon, and saw 7 of its levels.
You also visited: Sewer.

You collected 101 gold pieces.

Inventory:

Hand Weapons
 b - a +0 blowgun
 u - a +0 halberd of protection
Missiles
 t - 13 poisoned needles
Armour
 a - a +0 robe (worn)
Jewellery
 k - an uncursed ring of resist corrosion
 l - a ring of stealth (right claw)
 q - an amulet of regeneration (around neck)
 x - a ring of positive energy (left claw)
Scrolls
 c - 6 scrolls of identify
 d - 2 scrolls of magic mapping
 f - a scroll of fog
 h - 2 scrolls of teleportation
 i - 4 scrolls of remove curse {unknown}
 j - a scroll of noise {unknown}
 p - 2 scrolls of enchant armour {unknown}
 r - a scroll of amnesia {unknown}
 v - a scroll of fear {unknown}
Potions
 e - 4 potions of agility
 g - 10 potions of curing {unknown}
 m - a potion of degeneration {unknown}
 n - 3 potions of flight {unknown}
 o - 3 potions of heal wounds {unknown}
Comestibles
 s - 5 rations


   Skills:
 + Level 5.1 Fighting
 - Level 2.4 Dodging
 - Level 1.0 Stealth
 + Level 6.1 Unarmed Combat


You had 6 spell levels left.
You didn't know any spells.

Dungeon Overview and Level Annotations

Branches:
Dungeon (7/15)
 Temple: D:4-7

Altars:
Ashenzari
Okawaru
Sif Muna
The Shining One

Annotations:
D:6 exclusion: hydra


Innate Abilities, Weirdness & Mutations

You are too large for most types of armour.
You have claws for hands.
Your metabolism is lightning-fast.
You like to eat raw meat.
Your natural rate of healing is unusually fast.
You are covered in fur. (AC +1)
You have very tough skin. (AC +2)


Message History

The jackal barks!
The crimson imp shouts!
There is a stone staircase leading up, spattered with blood here.
You barely miss the ogre. The ogre hits you with a giant club!!
The crimson imp disappears for a moment.
You claw the ogre!
The ogre is heavily wounded.
The ogre barely misses you.
You barely miss the ogre.
The ogre is heavily wounded.
The ogre misses you.
You scratch the ogre but do no damage. Your claw misses the ogre.
The ogre is heavily wounded.
You claw the ogre!
The ogre is almost dead.
The ogre hits you with a giant club!!
* * * LOW HITPOINT WARNING * * *
You barely miss the ogre.
The ogre is almost dead.
The ogre hits you with a giant club!!
You die...

.....................
......................
.........##...........
.........##...........
.........##...........
.......<..............
.......#5h##..........
......###O#...........
##....###@#.<..†......
####.................
####.#..........##
#..............
###.........##[
#........## #........#
##........ #..Z......


You could see an ogre, a crimson imp and a jackal.

Vanquished Creatures
  A black bear (D:6)
  3 big kobolds (Sewer)
  A crimson imp (D:6)
  A centaur skeleton (D:5)
  A worker ant (D:7)
  3 adders
  2 gnolls (D:6)
  7 river rats (Sewer)
  A worm (D:3)
  A dart slug (D:1)
  A leopard gecko (D:1)
  An orc (D:4)
  4 bats
  2 giant cockroaches
  4 goblins
  5 hobgoblins
  A jackal (D:3)
  2 quokkas
  4 ball pythons (Sewer)
  2 frilled lizards (Sewer)
  20 kobolds
  21 rats
88 creatures vanquished.

Notes
Turn   | Place    | Note
-------+----------+-------------------------------------------
     0 | D:1      | teukkam the Troll Monk began the quest for the Orb.
     0 | D:1      | Reached XP level 1. HP: 22/22 MP: 0/0
   128 | D:1      | Reached XP level 2. HP: 29/29 MP: 1/1
   612 | D:3      | Found a shattered altar of Ashenzari.
   930 | D:3      | Reached XP level 3. HP: 26/37 MP: 2/2
  1085 | D:3      | Found a glowing golden altar of the Shining One.
  1298 | D:5      | Entered Level 5 of the Dungeon
  1304 | D:5      | Reached skill level 4 in Unarmed Combat
  1304 | D:5      | Reached XP level 4. HP: 45/45 MP: 3/3
  1322 | D:6      | Found a glowing drain.
  1333 | Sewer    | Entered a sewer
  1372 | Sewer    | Noticed a big kobold
  1381 | Sewer    | Killed a big kobold
  1381 | Sewer    | Reached XP level 5. HP: 38/54 MP: 4/4
  1465 | Sewer    | Reached skill level 5 in Unarmed Combat
  1637 | Sewer    | Reached XP level 6. HP: 60/62 MP: 5/5
  2073 | D:6      | Found a deep blue altar of Sif Muna.
  2093 | D:6      | Found an iron altar of Okawaru.
  2154 | D:6      | Noticed a seven-headed hydra
  2194 | D:6      | Reached skill level 5 in Fighting
  2194 | D:6      | Reached skill level 6 in Unarmed Combat
  2194 | D:6      | Reached XP level 7. HP: 57/72 MP: 6/6
  2352 | D:7      | Mangled by an ogre

Skill      XL: |  1  2  3  4  5  6 |
---------------+-------------------+-----
Fighting       | 3 4 5 |  5.1
Unarmed Combat | 4 5 6 |  6.1
Dodging        | |  2.4
Stealth        | |  1.0

Action                   |  1- 3 |  4- 6 |  7- 9 || total
-------------------------+-------+-------+-------++-------
Melee: Unarmed           |   104 |   134 |     9 ||   247
       Punch             |     1 |     2 |       ||     3
 Fire: Blowgun           |       |     7 |       ||     7
  Use: Scroll            |       |     4 |       ||     4
 Stab: Sleeping          |     4 |     7 |       ||    11
  Eat: Chunk             |    17 |     4 |     4 ||    25
Armor: Robe              |    35 |    41 |     2 ||    78
Dodge: Dodged            |    51 |    71 |     3 ||   125
